 Dungeon Crawl Stone Soup version 0.21-a0-349-g0c35859 (webtiles) character file.

266 vishdafish the Skirmisher (level 6, 0/48 HPs)
             Began as a Demonspawn Fighter on Oct 7, 2017.
             Succumbed to a scorpion's poison
             ... on level 4 of the Dungeon.
             The game lasted 00:04:53 (3201 turns).

vishdafish the Skirmisher (Demonspawn Fighter)      Turns: 3201, Time: 00:04:53

Health: 0/48       AC:  6    Str: 20 (22) XL:     6   Next: 0%
Magic:  6/6        EV:  8    Int:  8 (11) God:
Gold:   123        SH:  9    Dex: 11 (12) Spells: 5/5 levels left

rFire    + . .     SeeInvis .   a - +0 war axe
rCold    + . .     Gourm    .   c - +0 shield
rNeg     . . .     Faith    .   b - +0 scale mail
rPois    +         Spirit   .   (helmet restricted)
rElec    +         Reflect  .   (no cloak)
rCorr    +         Harm     .   (no gloves)
MR       .....                  (no boots)
Stlth    ..........             (no amulet)
HPRegen  0.16/turn              (no ring)
MPRegen  0.10/turn              (no ring)

@: mighty, lethally poisoned (0 -> -11), resistant, very slightly contaminated,
invisible
A: claws 1, horns 2, talons 1, rot immunity
a: no special abilities


You were on level 4 of the Dungeon.
You were not hungry.

You visited 1 branch of the dungeon, and saw 5 of its levels.

You collected 123 gold pieces.

Inventory:

Hand Weapons
 a - a +0 war axe (weapon)
Missiles
 l - a throwing net (quivered)
Armour
 b - a +0 scale mail (worn)
 c - a +0 shield (worn)
Wands
 o - a wand of polymorph (16/24)
Scrolls
 e - 5 scrolls of identify {unknown}
 g - a scroll of teleportation {unknown}
 h - 2 scrolls of fear {unknown}
 j - a scroll of immolation {unknown}
 k - 2 scrolls of remove curse {unknown}
 p - a scroll of amnesia {unknown}
Potions
 d - a potion of might
Comestibles
 f - 3 bread rations
 m - a meat ration
 r - a royal jelly


   Skills:
 + Level 3.8 Fighting
 * Level 3.4 Axes
 + Level 3.6 Armour
 + Level 1.6 Dodging
 + Level 3.6 Shields


You had 5 spell levels left.
You didn't know any spells.

Dungeon Overview and Level Annotations

Branches:
Dungeon (5/15)
 Temple: D:4-7

Altars:
Nemelex Xobeh
Trog
Yredelemnul
The Shining One

Shops:
D:4 [

Annotations:
D:4 Eustachio


Innate Abilities, Weirdness & Mutations

You have sharp fingernails.
You have a pair of horns on your head.
You have sharp toenails.
You are immune to rotting.


Message History

It was a potion of invisibility.
You fade into invisibility!
* * * LOW HITPOINT WARNING * * *
You feel sick. The adder closely misses you. You block the jackal's attack.
Eustachio barely misses you. You block the adder's attack.
You are very lightly contaminated with residual magic.
It was a potion of resistance.
You feel protected.
* * * LOW HITPOINT WARNING * * *
You feel sick. The jackal barely misses you. Eustachio closely misses you.
The adder barely misses you. You block the jackal's attack.
It was a potion of degeneration.
There was something very wrong with that liquid.
You feel weakened.
You feel dopey.
You feel clumsy.
* * * LOW HITPOINT WARNING * * *
You feel sick. The adder barely misses you.
The jackal bites you but does no damage.
Eustachio barely misses you. You block the scorpion's attack.
You feel very mighty all of a sudden.
You die...

#...).#......# #.....#
#.8.8.#......# #.....##
#####..∩..#......# #.......
#...#.8.8.#......# #.......
#.###.....#......# #.......
#####.#########......### #.......
......#..........###.).###....).#
.######........sS# ###.##.......#
## #........h@# #.........##
#.........@# ##......###
###..........#####.....### #
##..............##....###
####...............#...#...#
.......................###.######
...#.................#####.....#.
...#................#####........
............<.........##.........


You could see Eustachio, a scorpion, an adder and a jackal.

Vanquished Creatures
  A howler monkey (D:4)
  A hound (D:4)
  Ijyb (D:4)
  6 adders
  2 oozes
  2 adder skeletons (D:4)
  A worm (D:2)
  A dart slug (D:3)
  6 leopard geckos
  3 orcs
  A ball python (D:2)
  13 bats
  4 giant cockroaches
  7 hobgoblins
  4 jackals (D:1)
  2 quokkas
  11 frilled lizards
  8 goblins
  A goblin zombie (D:2)
  9 kobolds
  A kobold skeleton (D:2)
  13 rats
98 creatures vanquished.

Notes
Turn   | Place    | Note
-------+----------+-------------------------------------------
     0 | D:1      | vishdafish the Demonspawn Fighter began the quest for the Orb.
     0 | D:1      | Reached XP level 1. HP: 18/18 MP: 1/1
    77 | D:1      | Gained mutation: You have sharp fingernails. [demonic ancestry]
    77 | D:1      | Reached XP level 2. HP: 19/24 MP: 2/2
   433 | D:1      | Gained mutation: You have a pair of small horns on your head. [demonic ancestry]
   433 | D:1      | Reached XP level 3. HP: 14/29 MP: 3/3
   513 | D:1      | Found a sparkling altar of Nemelex Xobeh.
  1326 | D:2      | Found a runed door.
  1326 | D:2      | Noticed a human
  1327 | D:2      | Gained mutation: You have sharp toenails. [demonic ancestry]
  1327 | D:2      | Reached XP level 4. HP: 35/35 MP: 4/4
  1328 | D:2      | Found a basalt altar of Yredelemnul.
  1457 | D:2      | Reached skill level 1 in Dodging
  2109 | D:3      | Found a bloodstained altar of Trog.
  2128 | D:3      | Gained mutation: You are immune to rotting. [demonic ancestry]
  2128 | D:3      | Reached XP level 5. HP: 37/41 MP: 5/5
  2870 | D:4      | Noticed Ijyb
  2888 | D:4      | Killed Ijyb
  2920 | D:4      | Gained mutation: You have a pair of horns on your head. [demonic ancestry]
  2920 | D:4      | Reached XP level 6. HP: 43/48 MP: 6/6
  3046 | D:4      | Found Goturel's Armour Shoppe.
  3185 | D:5      | Entered Level 5 of the Dungeon
  3185 | D:5      | Found a glowing golden altar of the Shining One.
  3186 | D:5      | Noticed Eustachio
  3199 | D:4      | HP: 2/48 [poisoned by a scorpion]
  3201 | D:4      | Succumbed to a scorpion's poison

Vault maps used:
D:1:      dpeg_arrival_fog, hangedman_decor_clover_reticule,
          nemelex_xobeh_ov_fountains_minmay
D:2:      dk_yredelemnul_ordeal
D:3:      grunt_decor_mini_mirrors, trog_hazing_becter
D:4:      serial_shops, kennysheep_little_box, uniq_ijyb
D:5:      overflow_temple_1_default, first_bread, uniq_eustachio

Skill      XL: |  1  2  3  4  5 |
---------------+----------------+-----
Shields        | 3 |  3.6
Axes           | 2 3 |  3.4
Armour         | 3 |  3.6
Dodging        | 1 |  1.6
Fighting       | |  3.8

Action                   |  1- 3 |  4- 6 || total
-------------------------+-------+-------++-------
Melee: War axe           |   113 |   140 ||   253
       Headbutt          |     6 |    19 ||    25
       Kick              |       |    33 ||    33
       Unarmed           |       |    11 ||    11
  Use: Potion            |       |     4 ||     4
  Eat: Chunk             |     2 |     6 ||     8
Armor: Scale mail        |    64 |    72 ||   136
Dodge: Dodged            |    44 |    68 ||   112
Block: Shield            |    63 |    90 ||   153

Table legend:
 A = Spawn XP
 B = Non-spawn XP
 C = Spawn XP percentage of total XP
 D = Spawn monster count
 E = Non-spawn monster count
 F = Spawn count percentage of total count
 G = Total turns spent on level
                    A         B        C        D         E        F      G
               +---------+---------+-------+---------+---------+-------+---------
         Total |       0 |     381 |   0.0 |       0 |      98 |   0.0 |  3201
               +---------+---------+-------+---------+---------+-------+---------
           D:1 |       0 |      49 |   0.0 |       0 |      29 |   0.0 |  1032
           D:2 |       0 |      92 |   0.0 |       0 |      32 |   0.0 |   785
           D:3 |       0 |      82 |   0.0 |       0 |      28 |   0.0 |   785
           D:4 |       0 |     158 |   0.0 |       0 |       9 |   0.0 |   587
               +---------+---------+-------+---------+---------+-------+---------
